 Dungeon Crawl Stone Soup version 0.22-a0-570-g58866f5 (webtiles) character file.

10840 Dfrag the Destroyer (level 11, -15/68 HPs)
             Began as a Demonspawn Fire Elementalist on June 14, 2018.
             Was an Elder of Makhleb.
             Hit by a silver javelin thrown by a minotaur (29 damage)
             ... in a labyrinth on June 30, 2018.
             The game lasted 00:30:37 (10269 turns).

Dfrag the Destroyer (Demonspawn Fire Elementalist) Turns: 10269, Time: 00:30:37

Health: -15/68     AC:  7    Str: 13    XL:     11   Next: 41%
Magic:  0/33       EV: 12    Int: 22    God:    Makhleb [****..]
Gold:   447        SH:  0    Dex: 14    Spells: 16/29 levels left

rFire    . . .     SeeInvis +   O - +7 flail of Chance {speed, +Rage}
rCold    . . .     Gourm    .   (no shield)
rNeg     . . .     Faith    .   a - +0 robe
rPois    .         Spirit   +   V - +1 helmet
rElec    +         Reflect  .   b - +0 cloak
rCorr    .         Harm     .   N - +0 pair of gloves
MR       .....                  J - +0 pair of boots of the Sturgeon {rElec Str+3 SInv}
Stlth    ++........             D - amulet of rage
HPRegen  0.21/turn              p - ring of magical power
MPRegen  0.23/turn              L - ring of wizardry

@: no status effects
A: talons 1, blurry vision 1, clever 1, powered by death 2, strong 1, magic
shield, sturdy frame 2
a: Minor Destruction, Lesser Servant of Makhleb, Major Destruction, Renounce
Religion, Evoke Berserk Rage


You were in a labyrinth.
You worshipped Makhleb.
Makhleb was greatly pleased with you.
You were very hungry.

You visited 2 branches of the dungeon, and saw 12 of its levels.
You also visited: Labyrinth and Ossuary.

You collected 659 gold pieces.
You spent 212 gold pieces at shops.

Inventory:

Hand Weapons
 O - the +7 flail of Chance (weapon) {speed, +Rage}
   (You found it on level 7 of the Dungeon)

   Attacks with this weapon are significantly faster.
   It lets you go berserk.
Armour
 a - a +0 robe (worn)
 b - a +0 cloak (worn)
 C - +0 gold dragon scales
 J - the +0 pair of boots of the Sturgeon (worn) {rElec Str+3 SInv}
   (You found it on level 5 of the Dungeon)

   It affects your strength (+3).
   It insulates you from electricity.
   It lets you see invisible.
 N - a +0 pair of gloves (worn)
 V - a +1 helmet (worn)
Magical Staves
 A - an uncursed staff of conjuration
Jewellery
 p - a ring of magical power (left hand)
 q - an uncursed ring of flight
 x - an uncursed ring of magical power
 D - an amulet of rage (around neck)
 E - an uncursed ring of resist corrosion
 L - a ring of wizardry (right hand)
 R - an uncursed amulet of harm
Wands
 s - a wand of flame (27)
 F - a wand of random effects (30)
 Q - a wand of digging (2)
 U - a wand of clouds (4)
 W - a wand of acid (5)
Scrolls
 d - a scroll of brand weapon {unknown}
 e - 3 scrolls of enchant armour
 i - 6 scrolls of remove curse
 j - 4 scrolls of noise
 l - 2 scrolls of blinking
 m - 3 scrolls of fear
 n - a scroll of enchant weapon {unknown}
 o - 2 scrolls of magic mapping
 t - a scroll of amnesia {unknown}
 v - 4 scrolls of teleportation
 w - 2 scrolls of immolation {unknown}
 y - 3 scrolls of fog {unknown}
 I - 3 scrolls of random uselessness
 P - a scroll of vulnerability {unknown}
 T - 2 scrolls of silence
Potions
 h - 2 potions of heal wounds
 k - 9 potions of curing
 r - a potion of might
 u - 2 potions of mutation
 z - 3 potions of haste {unknown}
 B - a potion of brilliance
 G - a potion of flight {unknown}
 H - 5 potions of cancellation
 K - a potion of agility {unknown}
 M - a potion of berserk rage {unknown}
 S - 3 potions of lignification {unknown}
Comestibles
 c - 23 rations


   Skills:
 - Level 1.7 Dodging
 - Level 1.7 Stealth
 + Level 9.9 Spellcasting
 + Level 10.5 Conjurations
 + Level 10.1 Fire Magic


You had 16 spell levels left.
You knew the following spells:

 Your Spells              Type           Power        Failure   Level  Hunger
a - Flame Tongue          Conj/Fire      #####        1%          1    None
b - Conjure Flame         Conj/Fire      ######..     1%          3    None
c - Sticky Flame          Conj/Fire      ######..     1%          4    ##.....
d - Fireball              Conj/Fire      ######....   1%          5    ####...

Your spell library contained the following spells:

 Spells                   Type           Power        Failure   Level  Hunger
 Lightning Bolt           Conj/Air       ####......   9%          5    ####...
 Confuse                  Hex            ##......     8%          3    None
 Throw Flame              Conj/Fire      ######       1%          2    None
 Tukima's Dance           Hex            ##......     8%          3    None
 Shock                    Conj/Air       ####         1%          1    None
 Swiftness                Chrm/Air       ##......     4%          2    None
 Airstrike                Air            ##........   24%         4    ##.....
 Confusing Touch          Hex            ##....       2%          1    None
 Ensorcelled Hibernation  Hex/Ice        ##....       4%          2    None
 Metabolic Englaciation   Hex/Ice        ##........   52%         5    ####...
 Static Discharge         Conj/Air       ####....     1%          3    None
 Corona                   Hex            ##.....      2%          1    None
 Petrify                  Tmut/Erth      ##......     24%         4    ##.....
 Inner Flame              Hex/Fire       ####....     1%          3    None
 Dazzling Spray           Conj/Hex       ####..       1%          3    None
 Gell's Gravitas          Tloc           ##........   8%          3    None
 Yara's Violent Unravell  Hex/Tmut       ##........   52%         5    ####...


Dungeon Overview and Level Annotations

Branches:
Dungeon (11/15)            Temple (1/1) D:4            Lair (0/6) D:11
    Orc: D:9-12

Altars:
Ashenzari
Cheibriados
Elyvilon
Fedhas
Gozag
Hepliaklqana
Kikubaaqudgha
Makhleb
Nemelex Xobeh
Qazlal
Ru
Sif Muna
Trog
Uskayaw
Vehumet
Wu Jian
Xom
Yredelemnul
Zin
The Shining One

Shops:
D:4 *   D:8 ?   D:9 !

Annotations:
D:7 1 runed door, stealthycow's ghost, novice SpEn


Innate Abilities, Weirdness & Mutations

You have sharp toenails.
You regenerate health from kills.
When hurt, damage is shared between your health and your magic reserves.
Your movements are less encumbered by armour. (ER -4)
Scrolls take you a little longer to read.
Your mind is acute. (Int +2)
Your muscles are strong. (Str +2)


Message History

Unknown command.
Cast which spell? (? or * to list)
Aiming: Fireball (safe; 1% risk of failure)
Press: ? - help, Shift-Dir - straight line, f - minotaur
Aim: a minotaur, wearing a plate armour The fireball explodes!
The fireball engulfs the minotaur.
The minotaur is lightly wounded.
The minotaur throws a silver javelin.
The silver javelin hits you!!
* * * LOW HITPOINT WARNING * * *
The silver sears you!
* * * LOW HITPOINT WARNING * * *
Unknown command.
Really read with blurry vision while enemies are nearby? [Y]es or [N]o only, please.
Really read with blurry vision while enemies are nearby? [Y]es or [N]o only, please.
Really read with blurry vision while enemies are nearby?
You begin reading the scroll.
You continue reading the scroll.
The minotaur throws a silver javelin.
The silver javelin hits you!!
You die...

# .###.### # #.
#...#.#.#.#.. #
.. #.#
#.#.#.#.#. #
.#.#...#.. .#
### #.###.#.# #
#
....#...#.#...#.
#. ##.#. ...# .
. ## # ..####'##
#.. . # #### .
.# #@# . # # .
.. . # #'# # . .
# .#### ..< #.#
##.# # #.... #
+⌠... . ### . #
#...⌠+ #.# .#
#.⌠.H# .. # ##.#
##+### ### .#
#.. .## # #.


You could see a minotaur.

Vanquished Creatures
  A hydra (D:9)
  3 two-headed ogres
  Joseph (D:9)
  A troll (D:9)
  5 hippogriffs
  2 dream sheep (D:9)
  3 yaks (D:9)
  A hungry ghost (D:9)
  A porcupine (D:11)
  An orc warrior (D:9)
  6 ice beasts
  A sky beast (D:7)
  3 phantoms
  8 ogres
  5 centaurs
  2 crocodiles
  5 big kobolds
  Blork the orc (D:4)
  14 bullfrogs
  A gnoll sergeant (D:9)
  4 scorpions
  A wyvern skeleton (D:6)
  13 killer bees
  2 jellies (D:7)
  3 bullfrog zombies
  4 crimson imps
  2 centaur zombies
  2 hounds
  3 quasits
  2 bullfrog skeletons
  2 orc priests
  6 orc wizards
  Jessica (D:3)
  4 iguanas
  2 worker ants
  A killer bee zombie (D:7)
  2 big kobold zombies (Ossuary)
  3 mummies (Ossuary)
  A hound skeleton (D:4)
  9 gnolls
  A howler monkey skeleton (D:10)
  9 adders
  A shadow imp (D:9)
  An ooze (D:1)
  An adder zombie (D:5)
  2 worms
  4 dart slugs (D:1)
  3 leopard geckos
  27 orcs
  6 giant cockroaches
  10 goblins
  4 hobgoblins
  10 jackals
  2 quokkas
  3 ball pythons
  9 bats
  8 frilled lizards
  2 goblin zombies (Ossuary)
  A hobgoblin zombie (Ossuary)
  19 kobolds
  2 kobold zombies (Ossuary)
  16 rats
273 creatures vanquished.

Vanquished Creatures (others)
  3 orc warriors (D:6)
  A centaur (D:6)
  An adder (D:6)
  A leopard gecko (D:6)
6 creatures vanquished.

Grand Total: 279 creatures vanquished

Notes
Turn   | Place    | Note
-------+----------+-------------------------------------------
     0 | D:1      | Dfrag the Demonspawn Fire Elementalist began the quest for the Orb.
     0 | D:1      | Reached XP level 1. HP: 13/13 MP: 3/3
   106 | D:1      | Gained mutation: When hurt, damage is shared between your health and your magic reserves. [demonic ancestry]
   106 | D:1      | Reached XP level 2. HP: 19/19 MP: 0/5
   367 | D:1      | Reached XP level 3. HP: 24/24 MP: 3/6
   462 | D:1      | Upgraded the game from 0.22-a0-480-g991dd4b to 0.22-a0-568-g270d1ae
   756 | D:2      | Found a snail-covered altar of Cheibriados.
  1032 | D:2      | Learned a level 3 spell: Conjure Flame
  1078 | D:2      | Gained mutation: You have sharp toenails. [demonic ancestry]
  1078 | D:2      | Reached XP level 4. HP: 30/30 MP: 2/8
  1753 | D:3      | Noticed Jessica
  1760 | D:3      | Killed Jessica
  1760 | D:3      | Reached XP level 5. HP: 21/35 MP: 8/9
  2056 | D:3      | Found a blossoming altar of Fedhas.
  2276 | D:4      | Found a staircase to the Ecumenical Temple.
  2285 | D:4      | Noticed a centaur
  2296 | Temple   | Entered the Ecumenical Temple
  2417 | Temple   | Became a worshipper of Makhleb the Destroyer
  2827 | D:4      | Killed a centaur
  2833 | D:4      | Learned a level 4 spell: Sticky Flame
  2851 | D:4      | Gained mutation: Your movements are slightly less encumbered by armour. (ER -2) [demonic ancestry]
  2851 | D:4      | Reached XP level 6. HP: 18/41 MP: 10/11
  2994 | D:4      | Found Webruopp's General Store.
  3024 | D:4      | Bought a scroll of teleportation for 39 gold pieces
  3230 | D:4      | Noticed Blork the orc
  3236 | D:4      | Killed Blork the orc
  3407 | D:5      | Entered Level 5 of the Dungeon
  3431 | D:5      | Gained mutation: You regenerate a little health from kills. [demonic ancestry]
  3431 | D:5      | Reached XP level 7. HP: 38/46 MP: 13/13
  3438 | D:5      | Learned a level 5 spell: Fireball
  3610 | D:5      | Reached * piety under Makhleb
  3673 | D:6      | Reached skill level 5 in Fire Magic
  3737 | D:6      | Found a shimmering altar of Xom.
  3743 | D:6      | Reached skill level 5 in Spellcasting
  3743 | D:6      | Reached skill level 5 in Conjurations
  3882 | D:6      | Gained mutation: You regenerate health from kills. [demonic ancestry]
  3882 | D:6      | Reached XP level 8. HP: 18/52 MP: 5/15
  4233 | D:6      | Found a sand-covered staircase.
  4240 | Ossuary  | Entered an ossuary
  5174 | D:5      | Got a pair of faintly glowing boots
  5185 | D:5      | Identified the +0 pair of boots of the Sturgeon {rElec Str+3 SInv} (You found it on level 5 of the Dungeon)
  5341 | D:6      | Reached ** piety under Makhleb
  5785 | D:7      | Reached XP level 9. HP: 57/57 MP: 18/18
  6066 | D:7      | Got an encrusted flail
  6067 | D:7      | Identified the +7 flail of Chance {speed, +Rage} (You found it on level 7 of the Dungeon)
  6145 | D:7      | Found a runed door.
  6147 | D:7      | Found a shimmering altar of Xom.
  6147 | D:7      | Noticed stealthycow's ghost (novice SpEn)
  6147 | D:7      | Noticed a mace of chaos
  6493 | D:8      | Found Vuqa's Magic Scroll Emporium.
  6497 | D:8      | Bought a scroll of noise for 15 gold pieces
  6497 | D:8      | Bought a scroll of identify for 30 gold pieces
  6541 | D:8      | Noticed a two-headed ogre
  6558 | D:8      | Killed a two-headed ogre
  6676 | D:8      | Noticed a two-headed ogre
  6683 | D:8      | Killed a two-headed ogre
  6683 | D:8      | Gained mutation: Your movements are less encumbered by armour. (ER -4) [demonic ancestry]
  6683 | D:8      | Reached XP level 10. HP: 18/63 MP: 3/22
  7002 | D:8      | Reached *** piety under Makhleb
  7523 | D:9      | Noticed Joseph
  7529 | D:9      | Killed Joseph
  7854 | D:9      | Found Vetwior's Distillery.
  7857 | D:9      | Bought a potion of mutation for 128 gold pieces
  7869 | D:9      | Gained mutation: Your mind is acute. (Int +2) [potion of mutation]
  7869 | D:9      | Gained mutation: Scrolls take you a little longer to read. [potion of mutation]
  7869 | D:9      | Gained mutation: Your muscles are strong. (Str +2) [potion of mutation]
  7990 | D:9      | Noticed a two-headed ogre
  8010 | D:9      | Killed a two-headed ogre
  8228 | D:9      | Reached XP level 11. HP: 68/68 MP: 11/24
  8233 | D:9      | Noticed a three-headed hydra
  8247 | D:9      | HP: 1/68 [three-headed hydra (16)]
  8258 | D:9      | Killed a three-headed hydra
  8258 | D:9      | Reached skill level 10 in Conjurations
  8524 | D:9      | Reached **** piety under Makhleb
  8963 | D:10     | Entered Level 10 of the Dungeon
  9162 | D:10     | Upgraded the game from 0.22-a0-568-g270d1ae to 0.22-a0-570-g58866f5
  9726 | D:11     | Reached skill level 10 in Fire Magic
  9878 | D:11     | Found a labyrinth entrance.
  9911 | Lab      | Entered a labyrinth
 10266 | Lab      | Noticed a minotaur
 10269 | Lab      | Hit by a silver javelin thrown by a minotaur

Vault maps used:
D:1:      lemuel_arrival_behind_the_door_large, serial_glass, glass_columns_a,
          glass_columns_b, serial_bayou_pond_a, lemuel_old_faithful
D:2:      cheibriados_altar_1, minmay_rat_gold_closets
D:3:      fedhas_altar_2, uniq_jessica
D:4:      temple_statues, serial_shops, shop, first_ration, uniq_blork_the_orc
D:5:      minmay_splitting_lines, grunt_ministairs_4
D:6:      enter_ossuary_1, xom_confusion_cloud
D:7:      ebering_ghost_xom
D:8:      serial_shops, nicolae_shop_trees
D:9:      serial_shops, kennysheep_mini_moat, hangedman_ranch,
          hangedman_minor_gate_pass, uniq_joseph
D:11:     grunt_lair_entry_orc_guard_hut, basic_altar, lab_entry_generic,
          minivault_16
Temple:   roderic_octagonal_lattice_temple
Lab:      labyrinth_hidden_loot
Ossuary:  ossuary_crypta

Skill      XL: |  1  2  3  4  5  6  7  8  9 10 11 |
---------------+----------------------------------+-----
Fire Magic     | 3 4 5 6 8 9 10 | 10.1
Conjurations   | 2 3 4 5 6 8 9 10 | 10.5
Spellcasting   | 3 4 5 6 8 9 |  9.9
Dodging        | |  1.7
Stealth        | |  1.7

Action                   |  1- 3 |  4- 6 |  7- 9 | 10-12 || total
-------------------------+-------+-------+-------+-------++-------
Melee: Short sword       |    66 |     9 |     2 |       ||    77
       Staff             |       |     1 |    88 |       ||    89
       Flail             |       |       |     5 |    93 ||    98
 Cast: Flame Tongue      |    50 |    97 |   147 |    70 ||   364
       Sticky Flame      |       |       |    25 |    42 ||    67
       Fireball          |       |       |    13 |    37 ||    50
Evoke: Wand              |       |       |     9 |     2 ||    11
  Use: Scroll            |       |       |     1 |    15 ||    16
       Potion            |       |       |     3 |     1 ||     4
 Stab: Sleeping          |     2 |       |     2 |       ||     4
  Eat: Chunk             |     1 |     7 |    13 |    20 ||    41
       Ration            |       |       |     1 |       ||     1
Armor: Robe              |    19 |    12 |    64 |    43 ||   138
Dodge: Dodged            |    41 |    40 |   139 |   120 ||   340

Table legend:
 A = Spawn XP
 B = Non-spawn XP
 C = Spawn XP percentage of total XP
 D = Spawn monster count
 E = Non-spawn monster count
 F = Spawn count percentage of total count
 G = Total turns spent on level
                    A         B        C        D         E        F      G
               +---------+---------+-------+---------+---------+-------+---------
         Total |       0 |   15486 |   0.0 |       0 |     273 |   0.0 | 10269
               +---------+---------+-------+---------+---------+-------+---------
           D:1 |       0 |      62 |   0.0 |       0 |      31 |   0.0 |   668
           D:2 |       0 |      56 |   0.0 |       0 |      28 |   0.0 |   713
           D:3 |       0 |     136 |   0.0 |       0 |      22 |   0.0 |  1239
           D:4 |       0 |     416 |   0.0 |       0 |      13 |   0.0 |   649
           D:5 |       0 |     197 |   0.0 |       0 |       9 |   0.0 |   773
           D:6 |       0 |    1480 |   0.0 |       0 |      26 |   0.0 |  1050
           D:7 |       0 |    1832 |   0.0 |       0 |      31 |   0.0 |   982
           D:8 |       0 |    2837 |   0.0 |       0 |      22 |   0.0 |  1051
           D:9 |       0 |    5875 |   0.0 |       0 |      46 |   0.0 |  1462
          D:10 |       0 |    1346 |   0.0 |       0 |      20 |   0.0 |   721
          D:11 |       0 |    1094 |   0.0 |       0 |      14 |   0.0 |   227
       Ossuary |       0 |     155 |   0.0 |       0 |      11 |   0.0 |   238
               +---------+---------+-------+---------+---------+-------+---------
